 Dungeon Crawl Stone Soup version 0.26.0-91-g99b343417d (webtiles) character file.

Game seed: 7565536035908739614

468211 rifles the Executioner (level 24, -10/234 (239) HPs)
             Began as a Hill Orc Fighter on Feb 3, 2021.
             Was the Champion of Beogh.
             Engulfed by an ushabti's foul pestilence (12 damage)
             ... on level 3 of the Tomb of the Ancients on Feb 4, 2021.
             The game lasted 03:24:47 (55831 turns).

rifles the Executioner (Hill Orc Fighter)          Turns: 55831, Time: 03:24:48

HP:   -10/234 (239) AC: 23    Str: 25    XL:     24   Next: 62%
MP:   32/32         EV: 25    Int:  4    God:    Beogh [******]
Gold: 5988          SH: 22    Dex: 16    Spells: 17/23 levels left

rFire    + + +     SeeInvis .   U - +10 hand axe of Dira {vorpal, rF+ rC+ Will+}
rCold    + + +     Faith    .   W - +5 kite shield
rNeg     + . .     Spirit   .   H - +2 scale mail "Pibb" {Rampage rF+ Regen+ Int-5}
rPois    +         Reflect  .   y - +1 helmet of Truth {Regen+ Int+5 Stlth+}
rElec    +         Harm     .   g - +2 ratskin cloak {*Rats rPois rN+ Str-1 Int-1 Dex+1}
rCorr    +         Rampage  +   O - +2 pair of gloves
Will     ++++.     Rnd*Rage +   b - +0 pair of boots "Emyw" {+Blink rF++ rC+++ Str-4}
Stlth    +.........             e - necklace of Bloodlust {*Rage +Rage Will++ Int-3 Slay+6 *Curse}
HPRegen  1.29/turn              N - ring of Past Mistakes {Dex+5 Slay+4}
MPRegen  0.23/turn              Y - ring of the Hare {EV+8}

@: lethally poisoned (-10 -> -39), about to teleport, resistant, slowed,
studying 2 skills, lightly drained, very slow
A: walk on water
}: 2/15 runes: decaying, silver
a: Renounce Religion, Evoke Blink, Evoke Berserk Rage, Smiting, Recall Orcish
Followers, Give Item to Named Follower, Resurrection


You were on level 3 of the Tomb of the Ancients.
You worshipped Beogh.
Beogh was exalted by your worship.
You visited 11 branches of the dungeon, and saw 44 of its levels.
You also visited: Sewer and Gauntlet.

You collected 7574 gold pieces.
You spent 1586 gold pieces at shops.

Inventory:

Hand Weapons
 q - the +2 executioner's axe of Sylezuso {vorpal, +Blink rN+}
   (You bought it in a shop on level 1 of the Depths)

   It inflicts extra damage upon your enemies.
   It protects you from negative energy.
   It lets you blink.
 u - a +0 trishula of holy wrath
 x - the +7 captain's cutlass {speed, disarm}
   (You found it in a Gauntlet)

   Attacks with this weapon are significantly faster.
 R - the +7 longbow "Demonslayer" {flame, +Blink Str-3 Int+4}
   (You found it on level 10 of the Dungeon)

   It causes projectiles fired from it to burn those they strike, causing extra
   injury to most foes and up to half again as much damage against particularly
   susceptible opponents.
   It affects your strength (-3).
   It affects your intelligence (+4).
   It lets you blink.
 S - the +12 Vampire's Tooth {vamp}
   (You took it off an ancient champion on level 3 of the Crypt)

   It inflicts no extra harm, but heals its wielder when it wounds a living foe.
 U - the +10 hand axe of Dira (weapon) {vorpal, rF+ rC+ Will+}
   (You took it off a deep elf elementalist on level 5 of the Vaults)

   It inflicts extra damage upon your enemies.
   It protects you from fire.
   It protects you from cold.
   It affects your willpower, your defense against some magical effects.
Missiles
 k - 197 poisoned darts (quivered)
Armour
 b - the +0 pair of boots "Emyw" (worn) {+Blink rF++ rC+++ Str-4}
   (You acquired it on level 5 of the Lair of Beasts)

   It affects your strength (-4).
   It greatly protects you from fire.
   It renders you almost immune to cold.
   It lets you blink.
 g - the +2 ratskin cloak (worn) {*Rats rPois rN+ Str-1 Int-1 Dex+1}
   (You found it on level 3 of the Elven Halls)

   It affects your strength (-1).
   It affects your intelligence (-1).
   It affects your dexterity (+1).
   It protects you from poison.
   It protects you from negative energy.
 y - the +1 helmet of Truth (worn) {Regen+ Int+5 Stlth+}
   (You found it in a Gauntlet)

   It affects your intelligence (+5).
   It increases your rate of regeneration.
   It makes you more stealthy.
 H - the +2 scale mail "Pibb" (worn) {Rampage rF+ Regen+ Int-5}
   (You found it on level 7 of the Dungeon)

   It affects your intelligence (-5).
   It protects you from fire.
   It increases your rate of regeneration.
   It bestows one free step when moving towards enemies.
 O - a +2 pair of gloves (worn)
 W - a +5 kite shield (worn)
Jewellery
 e - the necklace of Bloodlust (around neck) {*Rage +Rage Will++ Int-3 Slay+6 *Curse}
   (You found it on level 3 of the Elven Halls)

   [amulet of nothing]

   It affects your intelligence (-3).
   It affects your accuracy and damage with ranged weapons and melee attacks
   (+6).
   It affects your willpower, your defense against some magical effects.
   It lets you go berserk.
   It may make you go berserk in combat.
   It curses itself when equipped.
 h - the ring "Muxiol" {+Inv +Fly rPois Will++ Stlth+}
   (You found it in a Gauntlet)

   [ring of stealth]

   It protects you from poison.
   It affects your willpower, your defense against some magical effects.
   It lets you turn invisible.
   It lets you fly.
   It makes you more stealthy.
 l - an uncursed ring of resist corrosion
 m - the ring "Doacoupt" {Ice +Blink rPois Int-3}
   (You found it on level 3 of the Crypt)

   [ring of ice]

   It enhances your ice magic.
   It affects your intelligence (-3).
   It makes you vulnerable to fire.
   It protects you from cold.
   It protects you from poison.
   It lets you blink.
 t - the ring "Sasyut Gousk" {rN+ Str+3 Int+10 Slay-3 Stlth+}
   (You took it off an ancient champion on level 3 of the Crypt)

   [ring of positive energy]

   It affects your strength (+3).
   It affects your intelligence (+10).
   It affects your accuracy and damage with ranged weapons and melee attacks
   (-3).
   It protects you from negative energy.
   It makes you more stealthy.
 A - the ring "Pezesed" {+Blink rN+ Dex+2}
   (You found it on level 3 of the Crypt)

   [ring of positive energy]

   It affects your dexterity (+2).
   It protects you from negative energy.
   It lets you blink.
 D - the ring "Zanuegiah" {Wiz rF+ Dex+5}
   (You took it off a deep elf death mage on level 5 of the Vaults)

   [ring of wizardry]

   It improves your spell success rate.
   It affects your dexterity (+5).
   It protects you from fire.
 K - the ring "Piasuo" {rPois rN+ Str+3 Int-3}
   (You found it on level 3 of the Crypt)

   [ring of positive energy]

   It affects your strength (+3).
   It affects your intelligence (-3).
   It protects you from poison.
   It protects you from negative energy.
 N - the ring of Past Mistakes (left hand) {Dex+5 Slay+4}
   (You found it on level 3 of the Elven Halls)

   [ring of slaying]

   It affects your dexterity (+5).
   It affects your accuracy and damage with ranged weapons and melee attacks
   (+4).
 T - the ring "Icaapuaf" {Fire rElec MP+9 Dex+2}
   (You found it on level 3 of the Elven Halls)

   [ring of fire]

   It enhances your fire magic.
   It affects your dexterity (+2).
   It protects you from fire.
   It makes you vulnerable to cold.
   It insulates you from electricity.
   It affects your magic capacity (+9).
 Y - the ring of the Hare (right hand) {EV+8}
   (You found it on level 4 of the Swamp)

   [ring of evasion]

   It affects your evasion (+8).
Wands
 n - a wand of digging (15)
 E - a wand of disintegration (30)
 Q - a wand of acid (6)
Scrolls
 i - 6 scrolls of magic mapping
 j - 5 scrolls of fog
 o - 13 scrolls of remove curse
 p - 16 scrolls of teleportation
 z - 3 scrolls of amnesia
 B - 2 scrolls of enchant armour
 I - 3 scrolls of identify
 M - 2 scrolls of fear
 V - 2 scrolls of silence
Potions
 a - 3 potions of ambrosia
 d - a potion of brilliance
 r - 6 potions of flight
 s - 5 potions of magic
 v - 4 potions of cancellation
 w - 4 potions of berserk rage
 G - 18 potions of curing
 L - 5 potions of haste
 P - a potion of might
Books
 c - a manual of Summonings
 J - a manual of Evocations
Miscellaneous
 f - a condenser vane (inert)
 F - a box of beasts


   Skills:
 + Level 24.4 Fighting
 + Level 25.9 Axes
 + Level 1.9 Throwing
 + Level 14.8 Armour
 + Level 10.4 Dodging
 - Level 0.8 Stealth
 + Level 22.5 Shields
 * Level 11.0 Summonings
 - Level 13.1 Invocations
 - Level 1.7 Evocations


You had 17 spell levels left.
You knew the following spells:

 Your Spells              Type           Power        Failure   Level
a - Shadow Creatures      Summ           N/A          86%         6

Your spell library contained the following spells:

 Spells                   Type           Power        Failure   Level
 Summon Small Mammal      Summ           32%          1%          1
 Call Imp                 Summ           8%           1%          2
 Call Canine Familiar     Summ           8%           3%          3
 Summon Guardian Golem    Hex/Summ       4%           32%         3
 Animate Skeleton         Necr           0%           71%         1
 Apportation              Tloc           0%           71%         1
 Corona                   Hex            0%           71%         1
 Foxfire                  Conj/Fire      0%           71%         1
 Magic Dart               Conj           0%           71%         1
 Pain                     Necr           0%           71%         1
 Shock                    Conj/Air       0%           71%         1
 Sting                    Tmut/Pois      0%           71%         1
 Summon Ice Beast         Ice/Summ       4%           73%         4
 Summon Lightning Spire   Summ/Air       4%           73%         4
 Blink                    Tloc           N/A          85%         2
 Ensorcelled Hibernation  Hex/Ice        0%           85%         2
 Passwall                 Tmut/Erth      0%           85%         2
 Poisonous Vapours        Pois/Air       0%           85%         2
 Slow                     Hex            0%           85%         2
 Swiftness                Air            0%           85%         2
 Wereblood                Tmut           0%           85%         2
 Confusing Touch          Hex            0%           97%         3
 Conjure Flame            Conj/Fire      0%           97%         3
 Dazzling Flash           Conj/Hex       0%           97%         3
 Gell's Gravitas          Tloc           0%           97%         3
 Ignite Poison            Fire/Tmut/Pois 0%           97%         3
 Inner Flame              Hex/Fire       0%           97%         3
 Mephitic Cloud           Conj/Pois/Air  0%           97%         3
 Ozocubu's Armour         Ice            0%           97%         3
 Portal Projectile        Hex/Tloc       0%           97%         3
 Static Discharge         Conj/Air       0%           97%         3
 Teleport Other           Tloc           0%           97%         3
 Tukima's Dance           Hex            0%           97%         3
 Vampiric Draining        Necr           0%           97%         3
 Summon Mana Viper        Hex/Summ       4%           97%         5
 Airstrike                Air            0%           100%        4
 Animate Dead             Necr           0%           100%        4
 Cause Fear               Hex            0%           100%        4
 Ice Form                 Ice/Tmut       0%           100%        4
 Leda's Liquefaction      Hex/Erth       0%           100%        4
 Olgreb's Toxic Radiance  Pois           0%           100%        4
 Petrify                  Tmut/Erth      0%           100%        4
 Sticky Flame             Conj/Fire      0%           100%        4
 Agony                    Necr           0%           100%        5
 Bolt of Magma            Conj/Fire/Erth 0%           100%        5
 Borgnjor's Vile Clutch   Necr/Erth      0%           100%        5
 Excruciating Wounds      Necr           0%           100%        5
 Fireball                 Conj/Fire      0%           100%        5
 Lightning Bolt           Conj/Air       0%           100%        5
 Metabolic Englaciation   Hex/Ice        0%           100%        5
 Silence                  Hex/Air        0%           100%        5
 Yara's Violent Unravell  Hex/Tmut       0%           100%        5
 Conjure Ball Lightning   Conj/Air       0%           100%        6
 Death Channel            Necr           0%           100%        6
 Dispersal                Tloc           0%           100%        6
 Freezing Cloud           Conj/Ice/Air   0%           100%        6
 Simulacrum               Ice/Necr       0%           100%        6
 Spellforged Servitor     Conj/Summ      2%           100%        7
 Chain Lightning          Conj/Air       0%           100%        8
 Disjunction              Tloc           0%           100%        8
 Ignition                 Fire           0%           100%        8
 Lehudib's Crystal Spear  Conj/Erth      0%           100%        8
 Absolute Zero            Ice            0%           100%        9
 Fire Storm               Conj/Fire      0%           100%        9
 Shatter                  Erth           0%           100%        9
 Tornado                  Air            0%           100%        9


Dungeon Overview and Level Annotations

Branches:
Dungeon (15/15)            Temple (0/1) D:5            Lair (6/6) D:11
  Swamp (4/4) Lair:3        Snake (1/4) Lair:3        Slime (1/5) Lair:6
    Orc (2/2) D:12            Elf (3/3) Orc:2        Vaults (5/5) D:13
  Crypt (3/3) Vaults:3       Tomb (3/3) Crypt:3      Depths (1/5) D:15
  Sewer (visited)         Gauntlet (visited)

Altars:
Cheibriados
Elyvilon
Gozag
Kikubaaqudgha
Makhleb
Nemelex Xobeh
Okawaru
Qazlal
Ru
Trog
Uskayaw
Wu Jian
Xom
Yredelemnul
Zin
The Shining One
Beogh
Jiyva

Shops:
Orc:2 [}*:   Elf:1 =   Elf:2 !*   Vaults:4 ?   Depths:1 *

Portals:
Hell: Depths:1
Ziggurat: Depths:1

Annotations:
D:8 3 doors to two dangerghosts
D:11 lair entrancfe
D:13 Urug
Lair:1 exclusion: oklob plant
Lair:5 3 runed translucent doors with ghost danger, delverdan's ghost, journeyman TrBe
Tomb:2 Boris


Message History

The guardian mummy is lightly damaged.
You slash the guardian mummy!
You hit the ancient champion but do no damage.
You slice the guardian mummy!!
You are engulfed in dark miasma.
You are more poisoned.
* * * LOW HITPOINT WARNING * * *
x2 You feel very sick.
You block the ancient champion's attack.
A guardian mummy comes into view.
A mummy comes into view.
Your orc warrior is engulfed in poison gas.
Your orc warrior looks even sicker.
Warbeogh is engulfed in poison gas.
Warbeogh is poisoned.
A guardian mummy comes into view.
The mummy priest calls on the powers of darkness!
You feel a surge of unholy energy.
You feel protected.
You are engulfed in dark miasma.
You feel as though you will be slow longer.
You die...

§§M§MM.§M§.§§§
§Z§M§M§§MM§§§
§§§M8§M§MM§§
§MM§§°§...#
M888§8..#
#8MM§§.#
#zMMM§.#
#§@§§..#
#.M°...#
+°or...+
#§o.°.^#
#§§..^.#
#......#
#......#
#......#
#(.....#


You could see 2 royal mummies, an ancient champion, 2 mummy priests, 13 guardian
mummies, 6 ushabtiu, 4 mummies, an orc skeleton (summoned), the friendly
Warbeogh the orc knight (poisoned), a friendly orc warrior (very poisoned) and a
friendly river rat.

Vanquished Creatures
  Khufu (Vaults:3)
  Mennas (Crypt:1)
  2 ancient liches (Crypt:3)
  2 royal mummies
  Bai Suzhen (Crypt:3)
  Margery (Vaults:5)
  Rupert (D:15)
  A tentacled monstrosity (Depths:1)
  3 deep elf blademasters
  2 deep elf master archers (Elf:3)
  4 liches
  A quicksilver dragon (Vaults:5)
  5 titans (Vaults:5)
  Frances (D:14)
  4 sphinxes
  5 ancient champions
  4 shadow dragons (Vaults:5)
  3 tengu reavers
  A storm dragon (Vaults:5)
  3 fire giants
  3 revenants
  A frost giant (Vaults:5)
  7 deep elf sorcerers
  3 ghouls (Crypt:2)
  11 vault wardens
  3 curse skulls
  2 deep elf elementalists (Elf:3)
  9 ironheart preservers
  Louise (Swamp:2)
  The ghost of Jacimip the Whirler, a journeyman HaHu of Okawaru (Swamp:2)
  8 very ugly things
  7 stone giants
  A war gargoyle (Vaults:5)
  A bennu (Tomb:1)
  2 vampire knights
  9 deep elf demonologists
  2 bunyips
  A minotaur (Gauntlet)
  9 deep elf annihilators
  A spark wasp (shapeshifter) (Vaults:5)
  A spark wasp (Depths:1)
  6 eleionomae
  2 ettins (Vaults:5)
  3 eidola
  2 green deaths (Swamp:4)
  3 deep elf death magi
  13 jiangshi
  4 fire dragons
  2 death oozes (Swamp:4)
  4 deep elf high priests
  5 yaktaur captains
  A blizzard demon (Gauntlet)
  12 ogre magi
  12 mummy priests
  21 hydras
  The ghost of delverdan the Grappler, a journeyman TrBe of Trog (D:12)
  6 great orbs of eyes
  15 vault guards
  5 boulder beetles
  2 rakshasas
  2 ghost crabs
  An ice dragon (Vaults:1)
  Fannar (Lair:1)
  Erica (D:9)
  11 centaur warriors
  4 death knights
  Harold (D:9)
  31 two-headed ogres
  2 hell beasts
  3 anacondas (Snake:1)
  40 death scarabs
  15 dancing weapons
  2 deep troll shamans (Depths:1)
  2 catoblepae
  6 alligators
  A tengu warrior (D:15)
  5 death yaks (Lair:3)
  A thrashing horror (Swamp:4)
  11 deep elf knights
  4 spriggans
  5 vampire magi
  2 soul eaters (Crypt:3)
  A small abomination (Vaults:5)
  The ghost of casanoah the Zephyrmancer, a novice TeAE of Gozag (D:8)
  A fire crab (Gauntlet)
  The ghost of ardl the Cleaver, a novice MiEn of Hepliaklqana (D:8)
  A storm dragon zombie (Crypt:2)
  4 shadow wraiths
  A goliath frog (Swamp:4)
  14 skeletal warriors
  2 ghost moth zombies (Crypt:3)
  A spriggan druid (Swamp:3)
  2 wizards
  6 hell knights
  2 deep trolls
  3 unseen horrors
  14 ironbrand convokers
  9 bog bodies
  6 swamp dragons
  15 deep elf archers
  5 orc knights
  A harpy (shapeshifter) (Vaults:5)
  3 wolf spider zombies
  A large abomination (Swamp:4)
  50 deep elf magi
  3 phantasmal warriors (Vaults:5)
  7 necromancers
  2 wolf spiders
  4 cyclopes
  A mana viper (Snake:1)
  2 sphinx zombies (Crypt:1)
  A stone giant zombie (Vaults:1)
  2 will-o-the-wisps (Swamp:1)
  2 fire giant skeletons
  29 ugly things
  2 manticores
  A faun (shapeshifter) (Vaults:5)
  An orc sorcerer (Elf:3)
  4 black mambas
  A salamander (Snake:1)
  An iron dragon skeleton (Crypt:1)
  11 centaur zombies
  2 spectral centaurs (D:12)
  A naga mage (Snake:1)
  14 vault sentinels
  12 elephants
  24 cane toads
  A dire elephant zombie (Crypt:1)
  7 gargoyles
  2 torpor snails (Lair:6)
  4 rime drakes
  3 orange demons (Swamp:4)
  A komodo dragon (shapeshifter) (D:14)
  30 yaktaurs
  A redback zombie (D:14)
  An anaconda simulacrum (Crypt:2)
  11 freezing wraiths
  2 kobold demonologists
  17 komodo dragons
  A bloated husk (Swamp:3)
  A tengu conjurer (D:15)
  18 guardian mummies
  3 trolls
  2 polar bears
  A catoblepas skeleton (Crypt:3)
  4 hornets
  A harpy zombie (Crypt:2)
  A wind drake (shapeshifter) (Vaults:3)
  Prince Ribbit (D:9)
  31 blink frogs
  33 slime creatures
  A harpy skeleton (Tomb:1)
  A meliai zombie (Crypt:1)
  10 tyrant leeches
  A human simulacrum (Vaults:1)
  3 centaur simulacra
  2 flying skulls (Crypt:3)
  A frost giant simulacrum (Crypt:1)
  44 yaks
  4 redbacks
  An alligator skeleton (Crypt:1)
  An ettin skeleton (Crypt:3)
  A fire dragon skeleton (Crypt:2)
  7 vampires
  A black mamba zombie (Crypt:3)
  A shadow (Swamp:4)
  8 wyverns
  A tarantella (shapeshifter) (Vaults:1)
  4 ushabtiu
  2 fire bats (Gauntlet)
  2 water elementals
  12 wraiths
  7 basilisks
  A steam dragon (Lair:3)
  A human (shapeshifter) (D:14)
  11 vampire mosquitoes
  3 wargs
  Menkaure (D:5)
  The ghost of fitz the Sneak, an amateur OpBr (D:4)
  11 swamp worms
  A glowing shapeshifter zombie (Crypt:2)
  6 nagas
  3 acid dragons
  18 water moccasins
  A soldier ant (shapeshifter) (Vaults:4)
  A cane toad zombie (Crypt:2)
  A floating eye (D:14)
  A soldier ant (D:10)
  A swamp drake (Swamp:2)
  10 orc warriors
  6 sky beasts
  4 ice beasts
  A black bear (Lair:1)
  4 necrophages
  A black bear (shapeshifter) (Vaults:5)
  An eye of draining (Slime:1)
  4 phantoms
  A boggart (shapeshifter) (Vaults:5)
  22 centaurs
  29 ogres
  9 wolves
  2 human skeletons (Vaults:1)
  A dream sheep skeleton (Crypt:3)
  6 big kobolds
  27 bullfrogs
  4 earth elementals
  An ogre simulacrum (Vaults:1)
  A cane toad simulacrum (Crypt:1)
  2 wyvern zombies (Crypt:1)
  A yaktaur skeleton (Vaults:1)
  A hornet simulacrum (D:12)
  A queen bee zombie (Crypt:3)
  3 scorpions
  9 killer bees
  7 wights
  A polar bear skeleton (Crypt:2)
  A troll skeleton (Crypt:2)
  2 electric eels (Lair:6)
  3 howler monkeys
  2 bullfrog zombies
  A quasit (D:8)
  5 hounds
  2 jellies
  4 bullfrog skeletons
  2 human zombies (Crypt:2)
  5 orc priests
  5 centaur skeletons
  A gnoll shaman (D:9)
  Terence (D:3)
  12 worker ants
  6 iguanas
  8 orc wizards
  A demonspawn skeleton (Crypt:3)
  A deep dwarf zombie (Crypt:3)
  2 naga skeletons
  A hound zombie (D:11)
  2 hound skeletons
  18 mummies
  A worker ant zombie (D:10)
  16 adders
  15 gnolls
  A river rat (Sewer)
  4 shadow imps
  A white imp (D:5)
  An ufetubus (D:5)
  An ooze (Lair:6)
  An adder zombie (D:9)
  3 adder skeletons
  A worm (D:3)
  3 dart slugs
  11 leopard geckos
  44 orcs
  6 bats
  11 giant cockroaches
  12 goblins
  9 hobgoblins
  13 jackals
  28 kobolds
  6 quokkas
  3 ball pythons
  5 frilled lizards
  A frilled lizard zombie (Crypt:1)
  A hobgoblin skeleton (Crypt:1)
  A quokka skeleton (D:9)
  A quokka zombie (D:5)
  12 rats
  A rat zombie (Crypt:1)
  3 crawling corpses
1484 creatures vanquished.

Vanquished Creatures (collateral kills)
  A royal mummy (Tomb:2)
  Sojobo (Vaults:3)
  Frederick (Vaults:5)
  3 tentacled monstrosities (Vaults:5)
  Asterion (Vaults:1)
  2 ancient champions
  2 storm dragons (Vaults:5)
  2 tengu reavers
  5 sphinxes
  A fenstrider witch (shapeshifter) (Vaults:5)
  A frost giant (shapeshifter) (Vaults:5)
  3 ghouls (Crypt:2)
  6 vault wardens
  2 deep elf elementalists
  A curse skull (Crypt:2)
  2 ironheart preservers (Vaults:5)
  2 very ugly things (Vaults:5)
  3 stone giants (Vaults:5)
  A bennu (Tomb:1)
  A deep elf demonologist (Vaults:1)
  2 entropy weavers
  2 deep elf annihilators (Elf:3)
  A bunyip (Swamp:1)
  An eidolon (Crypt:3)
  An ettin (Vaults:5)
  A spark wasp (Depths:1)
  4 deep elf death magi
  A mummy priest (Tomb:1)
  A fire dragon (Depths:1)
  3 yaktaur captains
  2 jiangshi
  2 deep elf high priests
  17 vault guards
  2 hydras (Swamp:1)
  2 boulder beetles
  A centaur warrior (D:15)
  10 death scarabs
  9 dancing weapons
  A two-headed ogre (shapeshifter) (D:15)
  An ogre mage (Vaults:5)
  A deep troll earth mage (Depths:1)
  4 two-headed ogres
  A death yak (Lair:3)
  A death knight (Vaults:1)
  An alligator (Swamp:1)
  An orc high priest (Elf:3)
  A deep troll shaman (Depths:1)
  A sun demon (Depths:1)
  2 small abominations (Vaults:5)
  4 deep elf knights
  3 hell knights
  2 skeletal warriors
  A golden dragon zombie (Crypt:2)
  A flayed ghost (Vaults:1)
  A goliath frog (Swamp:1)
  5 deep elf archers
  A bog body (Swamp:1)
  2 phantasmal warriors
  A wizard (Vaults:3)
  An iron giant skeleton (Crypt:1)
  6 ironbrand convokers
  An eleionoma zombie (Crypt:2)
  7 deep elf magi
  5 ugly things
  2 orc knights (Orc:2)
  A wolf spider (Vaults:2)
  5 slime creatures
  A vault sentinel (Vaults:3)
  2 black mambas (Lair:6)
  A rust devil (Depths:1)
  An orange demon (Swamp:4)
  A cane toad (Lair:4)
  An emperor scorpion zombie (Crypt:3)
  5 yaktaurs
  A komodo dragon (shapeshifter) (Vaults:5)
  A guardian mummy (Tomb:1)
  A troll (Vaults:3)
  A jumping spider (Vaults:4)
  A tyrant leech (Lair:6)
  3 hornets
  3 blink frogs
  An air elemental (Elf:3)
  5 ushabtiu
  A water elemental (Elf:2)
  2 wraiths
  2 yaks
  A fire elemental (Orc:2)
  A swamp worm (Swamp:2)
  2 wargs
  A swamp drake (Swamp:2)
  5 orc warriors
  3 ogres
  4 boggarts (Vaults:3)
  2 centaurs (Orc:2)
  An earth elemental (Elf:2)
  A bullfrog (Lair:2)
  A spriggan zombie (Crypt:1)
  2 orc priests
  An orc wizard (Vaults:3)
  4 orcs
  A goblin (D:13)
  A quokka skeleton (Crypt:1)
  3 crawling corpses (Vaults:5)
235 creatures vanquished.

Vanquished Creatures (others)
  4 orc warlords
  A vault warden (Vaults:5)
  4 orc sorcerers
  A deep elf elementalist (Elf:3)
  Nergalle (Swamp:4)
  31 orc knights
  An eidolon (Crypt:2)
  An eleionoma (Swamp:4)
  An ettin (Vaults:5)
  A vault guard (Vaults:5)
  Urug (D:13)
  A dancing weapon (Elf:2)
  An alligator (Swamp:4)
  An orc high priest (Elf:3)
  A deep elf mage (Elf:2)
  A necromancer (Depths:1)
  A will-o-the-wisp (Swamp:4)
  11 orc wizards
  A spectral centaur (D:12)
  A bloated husk (Swamp:3)
  A water elemental (Elf:3)
  23 orc warriors
  An ogre (Vaults:5)
  12 orc priests
  A gnoll (D:9)
  35 orcs
  7 foxfires (Swamp:4)
  38 fungi
  74 plants
258 creatures vanquished.

Grand Total: 1977 creatures vanquished

Notes
Turn   | Place    | Note
-------+----------+-------------------------------------------
     0 | D:1      | rifles the Hill Orc Fighter began the quest for the Orb.
     0 | D:1      | Reached XP level 1. HP: 19/19 MP: 1/1
   249 | D:1      | Reached XP level 2. HP: 27/27 MP: 2/2
   370 | D:1      | Reached skill level 3 in Axes
   374 | D:1      | Reached XP level 3. HP: 31/33 MP: 3/3
  1194 | D:2      | Reached XP level 4. HP: 36/40 MP: 4/4
  1334 | D:2      | Found a glowing golden altar of the Shining One.
  1424 | D:2      | Reached skill level 4 in Axes
  1951 | D:2      | Reached XP level 5. HP: 46/47 MP: 5/5
  2202 | D:3      | Noticed Terence
  2227 | D:3      | Killed Terence
  2625 | D:3      | You fall into a shaft and drop 2 floors!
  2625 | D:5      | Entered Level 5 of the Dungeon
  2809 | D:5      | Noticed an ogre
  2812 | D:5      | Reached skill level 1 in Dodging
  2815 | D:5      | Reached skill level 5 in Axes
  2820 | D:5      | Killed an ogre
  2821 | D:5      | Reached XP level 6. HP: 7/53 MP: 6/6
  3276 | D:4      | You fall into a shaft and drop 1 floor!
  3292 | D:4      | Found a sparkling altar of Nemelex Xobeh.
  3293 | D:4      | Found an opulent altar of Gozag.
  3975 | D:3      | Reached skill level 6 in Axes
  4152 | D:3      | Reached skill level 5 in Fighting
  4156 | D:3      | Reached XP level 7. HP: 53/61 MP: 7/7
  4195 | D:3      | Reached skill level 5 in Shields
  4569 | D:4      | Found a shimmering altar of Xom.
  4657 | D:4      | Found a runed translucent gate.
  4657 | D:4      | Found a runed translucent gate.
  4657 | D:4      | Found a runed translucent gate.
  4658 | D:4      | Noticed fitz's ghost (amateur OpBr)
  4708 | D:4      | Killed fitz's ghost
  4709 | D:4      | Reached skill level 7 in Axes
  4994 | D:4      | Found a burning altar of Makhleb.
  5158 | D:5      | Found a staircase to the Ecumenical Temple.
  5175 | D:5      | Reached XP level 8. HP: 56/69 MP: 8/8
  5425 | D:5      | Found a burning altar of Makhleb.
  5515 | D:5      | Found a basalt altar of Yredelemnul.
  5515 | D:5      | Found a sacrificial altar of Ru.
  5515 | D:5      | Found a hide-covered altar of Uskayaw.
  5515 | D:5      | Found an iron altar of Okawaru.
  5522 | D:5      | Found a bloodstained altar of Trog.
  5522 | D:5      | Found a glowing silver altar of Zin.
  5654 | D:5      | Reached skill level 5 in Armour
  5723 | D:6      | Noticed Menkaure
  5807 | D:5      | Killed Menkaure
  5808 | D:5      | Reached skill level 8 in Axes
  6152 | D:6      | Reached skill level 9 in Axes
  6271 | D:6      | Found a glowing drain.
  6297 | Sewer    | Entered a sewer
  6514 | Sewer    | Found a white marble altar of Elyvilon.
  7378 | D:7      | Reached XP level 9. HP: 75/75 MP: 9/9
  7444 | D:7      | Reached skill level 10 in Axes
  7461 | D:7      | Got a polished scale mail
  7475 | D:7      | Identified the +2 scale mail "Pibb" {Rampage rF+ Regen+
                  | Int-5} (You found it on level 7 of the Dungeon)
  8422 | D:8      | Became a worshipper of Beogh the Brigand
  8495 | D:8      | Found an ancient bone altar of Kikubaaqudgha.
  8594 | D:8      | Found a white marble altar of Elyvilon.
  8613 | D:8      | Reached skill level 11 in Axes
  8877 | D:8      | Reached XP level 10. HP: 85/86 MP: 10/10
  9265 | D:8      | Reached * piety under Beogh
  9266 | D:8      | Reached skill level 1 in Throwing
  9314 | D:8      | Found a runed translucent gate.
  9314 | D:8      | Noticed ardl's ghost (novice MiEn)
  9314 | D:8      | Noticed casanoah's ghost (novice TeAE)
  9315 | D:8      | Found a runed translucent gate.
  9315 | D:8      | Found a runed translucent gate.
  9475 | D:9      | Noticed Erica
  9631 | D:9      | Killed Erica
  9632 | D:9      | Reached skill level 12 in Axes
  9698 | D:9      | Found a white marble altar of Elyvilon.
  9700 | D:9      | Found an ornate altar of the Wu Jian Council.
  9700 | D:9      | Found a shimmering altar of Xom.
  9702 | D:9      | Found a snail-covered altar of Cheibriados.
  9702 | D:9      | Found a stormy altar of Qazlal.
  9702 | D:9      | Found an iron altar of Okawaru.
  9710 | D:9      | Noticed Prince Ribbit
  9722 | D:9      | Killed Prince Ribbit
  9761 | D:9      | Noticed Harold
  9770 | D:9      | Killed Harold
 10194 | D:10     | Entered Level 10 of the Dungeon
 10270 | D:10     | Killed an unseen horror
 10271 | D:10     | Reached skill level 13 in Axes
 10402 | D:10     | Reached XP level 11. HP: 95/95 MP: 11/11
 10460 | D:10     | Got a jewelled longbow
 10697 | D:10     | Noticed a boulder beetle
 10704 | D:10     | Killed a boulder beetle
 10885 | D:11     | Noticed a purple ugly thing
 10902 | D:11     | Killed a purple ugly thing
 11016 | D:11     | Reached skill level 14 in Axes
 11016 | D:11     | Reached ** piety under Beogh
 11368 | D:11     | Found a staircase to the Lair.
 11832 | D:12     | Noticed a brown ugly thing
 11846 | D:12     | Killed a brown ugly thing
 11954 | D:12     | Found a runed translucent gate.
 11954 | D:12     | Found a runed translucent gate.
 11955 | D:12     | Found a runed translucent gate.
 11972 | D:12     | Noticed delverdan's ghost (journeyman TrBe)
 12022 | D:12     | Found a staircase to the Orcish Mines.
 12029 | D:12     | You fall into a shaft and drop 2 floors!
 12039 | D:14     | Reached *** piety under Beogh
 12156 | D:14     | Noticed Frances
 12178 | D:14     | Killed Frances
 12179 | D:14     | Reached skill level 10 in Fighting
 12179 | D:14     | Reached skill level 15 in Axes
 12179 | D:14     | Reached XP level 12. HP: 42/106 MP: 12/12
 12528 | D:14     | Noticed an eight-headed hydra
 12538 | D:14     | Killed a five-headed hydra
 12538 | D:14     | Noticed a two-headed ogre
 12550 | D:14     | Reached skill level 16 in Axes
 12553 | D:14     | Reached skill level 10 in Shields
 12781 | D:13     | Found a gate to the Vaults.
 12781 | D:13     | Noticed a five-headed hydra
 12781 | D:13     | Noticed a vault guard
 12781 | D:13     | Noticed a vault guard
 12781 | D:13     | Noticed a vault guard
 12781 | D:13     | Noticed a vault guard
 13088 | D:12     | Got a brightly glowing whip
 13324 | D:12     | Identified the +1 whip of Moral Flaws {freeze, Str+4 Int+8}
                  | (You found it on level 12 of the Dungeon)
 13325 | D:12     | Identified the +7 longbow "Demonslayer" {flame, +Blink
                  | Str-3 Int+4} (You found it on level 10 of the Dungeon)
 13380 | D:12     | Reached **** piety under Beogh
 13639 | D:13     | Reached XP level 13. HP: 71/116 MP: 13/13
 13712 | D:13     | Reached skill level 10 in Armour
 13868 | D:13     | Noticed Urug
 13976 | D:13     | You fall into a shaft and drop 1 floor!
 14383 | D:14     | Reached skill level 5 in Dodging
 14394 | D:14     | Reached ***** piety under Beogh
 14395 | D:14     | Reached skill level 17 in Axes
 14944 | D:13     | Your ally died
 15065 | D:14     | Killed a vault guard
 15294 | D:13     | Killed a vault guard
 15439 | D:13     | Killed a vault guard
 15485 | D:13     | Reached XP level 14. HP: 108/129 MP: 14/14
 16076 | D:12     | Killed delverdan's ghost
 16377 | Lair:1   | Entered Level 1 of the Lair of Beasts
 16387 | Lair:1   | Noticed Fannar
 16394 | Lair:1   | Killed Fannar
 16435 | Lair:1   | You fall into a shaft and drop 1 floor!
 16754 | Lair:2   | Got a dazzling hunting sling
 16858 | Lair:2   | Reached skill level 18 in Axes
 17045 | Lair:1   | Found a white marble altar of Elyvilon.
 17622 | Lair:1   | Got a jewelled short sword
 18141 | Lair:2   | Noticed Nergalle
 18146 | Lair:2   | Identified the +7 short sword of Rebyan {antimagic, rC-
                  | Str+4 Dex+5} (You found it on level 1 of the Lair of
                  | Beasts)
 18147 | Lair:2   | Identified the +0 hunting sling of Red Wine {venom, rN+
                  | Will- SInv Stlth+} (You found it on level 2 of the Lair of
                  | Beasts)
 18754 | Lair:3   | Found a staircase to the Swamp.
 18783 | Lair:3   | Found a staircase to the Snake Pit.
 19028 | Lair:3   | Got an ichor-stained spear
 19029 | Lair:3   | Identified the cursed +1 spear "Waufergh" {vorpal, *Slow
                  | rN+ MP+9 SInv} (You found it on level 3 of the Lair of
                  | Beasts)
 19516 | Lair:4   | Reached XP level 15. HP: 121/139 MP: 15/15
 19807 | Lair:3   | Reached skill level 15 in Fighting
 20719 | Lair:5   | Found a runed translucent gate.
 20803 | Lair:5   | Found a gate leading to a gauntlet.
 20829 | Gauntlet | Entered a Gauntlet
 20829 | Gauntlet | Found a transporter.
 20829 | Gauntlet | Found a transporter.
 20833 | Gauntlet | Found a transporter.
 20836 | Gauntlet | Found a transporter.
 20836 | Gauntlet | Found a transporter.
 20852 | Gauntlet | Found a transporter.
 21015 | Gauntlet | Found a transporter.
 21016 | Gauntlet | Found the +7 captain's cutlass {speed, disarm}
 21018 | Gauntlet | Found a transporter.
 21019 | Gauntlet | Found a transporter.
 21019 | Gauntlet | Found a transporter.
 21076 | Gauntlet | Found a transporter.
 21079 | Gauntlet | Found a transporter.
 21122 | Gauntlet | Got an ancient helmet
 21134 | Gauntlet | Identified the +1 helmet of Truth {Regen+ Int+5 Stlth+}
                  | (You found it in a Gauntlet)
 21198 | Gauntlet | Got a scintillating silver ring
 21201 | Gauntlet | Identified the ring "Muxiol" {+Inv +Fly rPois Will++
                  | Stlth+} (You found it in a Gauntlet)
 21296 | Lair:5   | Identified 2 scrolls of acquirement
 21296 | Lair:5   | Acquired a manual of Fighting
 21298 | Lair:5   | Acquired the +0 pair of boots "Emyw" {+Blink rF++ rC+++
                  | Str-4}
 21637 | Lair:5   | Found a runed translucent gate.
 21691 | Lair:5   | Reached ****** piety under Beogh
 21695 | Lair:5   | Gained Borgoth as an ally
 21753 | Lair:5   | Found a runed translucent gate.
 21756 | Lair:5   | Found a viscous altar of Jiyva.
 21756 | Lair:5   | Noticed delverdan's ghost (journeyman TrBe)
 22256 | Lair:6   | Entered Level 6 of the Lair of Beasts
 22393 | Lair:6   | Found a runed translucent door.
 22393 | Lair:6   | Found a viscous altar of Jiyva.
 22398 | Lair:6   | Reached skill level 19 in Axes
 22458 | Lair:6   | Found a staircase to the Slime Pits.
 22800 | Lair:6   | Identified the Compendium of Shifting Snow
 23126 | Lair:6   | Reached XP level 16. HP: 152/152 MP: 16/16
 23399 | Slime:1  | Entered Level 1 of the Pits of Slime
 23762 | Swamp:1  | Entered Level 1 of the Swamp
 24140 | Swamp:1  | Reached skill level 15 in Shields
 24963 | Swamp:2  | Found a runed translucent gate.
 24964 | Swamp:2  | Found a runed translucent gate.
 24964 | Swamp:2  | Noticed Jacimip's ghost (journeyman HaHu)
 24965 | Swamp:2  | Found a runed translucent gate.
 24968 | Swamp:2  | Noticed Louise
 24979 | Swamp:2  | Killed Louise
 25012 | Swamp:2  | Killed Jacimip's ghost
 25020 | Swamp:2  | Got a pitted lead ring
 25023 | Swamp:2  | Identified the ring of the Eight Servitors {*Tele rPois
                  | Will+ Slay+2} (You found it on level 2 of the Swamp)
 26270 | Swamp:4  | Entered Level 4 of the Swamp
 26316 | Swamp:4  | Your ally Borgoth died
 26346 | Swamp:4  | Your ally died
 26844 | Swamp:4  | Reached skill level 20 in Axes
 26853 | Swamp:4  | Reached skill level 1 in Evocations
 26913 | Swamp:4  | Reached XP level 17. HP: 166/166 MP: 17/17
 26952 | Swamp:4  | Gained Zartorak as an ally
 26952 | Swamp:4  | Gained Marbaugh as an ally
 26980 | Swamp:4  | Your ally Zartorak died
 26997 | Swamp:3  | Your ally Marbaugh died
 27238 | Swamp:4  | Reached skill level 1 in Invocations
 27351 | Swamp:4  | Got a decaying rune of Zot
 27452 | Swamp:4  | Acquired 1270 gold pieces
 27582 | Swamp:4  | Found the ring of the Hare {EV+8}
 28002 | Snake:1  | Entered Level 1 of the Snake Pit
 28714 | D:8      | Killed ardl's ghost
 28716 | D:8      | Killed casanoah's ghost
 29002 | Orc:1    | Entered Level 1 of the Orcish Mines
 29301 | Orc:2    | Entered Level 2 of the Orcish Mines
 29304 | Orc:2    | Found a staircase to the Elven Halls.
 29479 | Orc:2    | Found Etese's Gadget Boutique.
 29479 | Orc:2    | Found Isonae's General Store.
 29479 | Orc:2    | Found Ytziewn's Book Shoppe.
 29485 | Orc:2    | Found Itoej's Armour Shop.
 29486 | Orc:2    | Gained Bogdan as an ally
 29528 | Orc:2    | Found a roughly hewn altar of Beogh.
 30007 | Elf:1    | Entered Level 1 of the Elven Halls
 30031 | Elf:1    | Noticed a Hell Sentinel
 30155 | Orc:2    | Gained Koronagh as an ally
 30496 | Elf:1    | Identified the Catalogue of Slavery
 30602 | Elf:1    | Found Hyoxt's Jewellery Shoppe.
 30984 | Elf:1    | Got a smoking robe
 31744 | Elf:2    | Gained Korbok as an ally
 31745 | Elf:2    | Reached skill level 21 in Axes
 31783 | Elf:2    | Identified the cursed +1 robe of Cofuyju {rElec rCorr MP-9
                  | Str-4} (You found it on level 1 of the Elven Halls)
 32026 | Elf:2    | Found Fuiqah's Distillery.
 32036 | Elf:2    | Reached XP level 18. HP: 176/178 MP: 19/19
 32045 | Elf:2    | Bought a potion of curing for 60 gold pieces
 32045 | Elf:2    | Bought a potion of resistance for 200 gold pieces
 32072 | Elf:2    | Found Ulynneu's General Store.
 32080 | Elf:2    | Bought a scroll of enchant armour for 97 gold pieces
 32284 | Elf:2    | Found a runed translucent gate.
 32284 | Elf:2    | Found a runed translucent gate.
 32294 | Elf:2    | Found a runed translucent gate.
 32445 | Elf:2    | Gained Ogrik as an ally
 32583 | Elf:2    | Noticed a deep elf blademaster
 32592 | Elf:2    | Killed a deep elf blademaster
 32943 | Elf:3    | Entered Level 3 of the Elven Halls
 32986 | Elf:3    | Gained Hawl as an ally
 33387 | Elf:3    | Noticed a deep elf blademaster
 33388 | Elf:3    | Noticed a deep elf blademaster
 33400 | Elf:3    | Killed a deep elf blademaster
 33404 | Elf:3    | Killed a deep elf blademaster
 33409 | Elf:3    | Noticed a deep elf master archer
 33409 | Elf:3    | Noticed a deep elf master archer
 33425 | Elf:3    | Your ally Korbok died
 33445 | Elf:3    | Your ally Koronagh died
 33559 | Elf:3    | Killed a deep elf master archer
 33585 | Elf:3    | Noticed a Brimstone Fiend
 33591 | Elf:3    | Your ally Ogrik died
 33734 | Elf:3    | Killed a deep elf master archer
 33735 | Elf:3    | Gained Gorbash as an ally
 33900 | Elf:3    | HP: 9/180 [deep elf sorcerer/damnation (26)]
 34433 | Elf:3    | Reached XP level 19. HP: 187/187 MP: 21/21
 34570 | Elf:3    | Found the cursed necklace of Bloodlust {*Rage +Rage Will++
                  | Int-3 Slay+6 *Curse}
 34610 | Elf:3    | Got a pair of fading boots
 34621 | Elf:3    | Identified the Tome of Shape Shifting and the Traveller
 34624 | Elf:3    | Found the +2 ratskin cloak {*Rats rPois rN+ Str-1 Int-1
                  | Dex+1}
 34651 | Elf:3    | Got a crude copper ring
 34700 | Elf:3    | Identified the ring "Icaapuaf" {Fire rElec MP+9 Dex+2} (You
                  | found it on level 3 of the Elven Halls)
 34702 | Elf:3    | Identified the +2 pair of boots of the Arcane {rPois} (You
                  | found it on level 3 of the Elven Halls)
 34779 | Elf:3    | Got a brightly glowing war axe
 34813 | Elf:3    | Identified the cursed +0 war axe of Fuzzy Gallantry {speed,
                  | rElec rC- Dex+5} (You found it on level 3 of the Elven
                  | Halls)
 34935 | Elf:3    | Got a glittering brass ring
 34942 | Elf:3    | Identified the Guide on the Entrancing Mountains
 35251 | Elf:3    | Identified the ring of Past Mistakes {Dex+5 Slay+4} (You
                  | found it on level 3 of the Elven Halls)
 36747 | D:15     | Entered Level 15 of the Dungeon
 36816 | D:15     | Got a masterwork chain mail
 36824 | D:15     | Identified the +6 chain mail of Nathyoj {Int+4} (You found
                  | it on level 15 of the Dungeon)
 36966 | D:15     | Reached skill level 22 in Axes
 37350 | D:15     | Noticed Rupert
 37363 | D:15     | Killed Rupert
 37424 | D:15     | Found a staircase to the Depths.
 37677 | Depths:1 | Entered Level 1 of the Depths
 37798 | Depths:1 | Found a gateway to a ziggurat.
 37802 | Depths:1 | Paralysed by a floating eye for 4 turns
 37818 | Depths:1 | Found Kuimaim's Mayhem Merchandise.
 37833 | Depths:1 | Bought the cursed +2 executioner's axe of Sylezuso {vorpal,
                  | +Blink rN+} for 844 gold pieces
 37847 | Depths:1 | Found a gateway to Hell.
 37876 | Depths:1 | Gained Blodwig as an ally
 38001 | Depths:1 | Noticed a tentacled monstrosity
 38014 | Depths:1 | Killed a tentacled monstrosity
 38270 | Depths:1 | Paralysed by a floating eye for 2 turns
 38275 | Depths:1 | Paralysed by a floating eye for 4 turns
 38378 | Depths:1 | Found an iron altar of Okawaru.
 38412 | Depths:1 | Got a faintly glowing mace
 38413 | Depths:1 | Identified the cursed +0 mace of Hulijassot {drain, Will++
                  | Str-4 Int+4} (You found it on level 1 of the Depths)
 39470 | Vaults:1 | Entered Level 1 of the Vaults
 39926 | Vaults:1 | Reached skill level 5 in Invocations
 40696 | Vaults:1 | Noticed Asterion
 40708 | Vaults:1 | Killed Asterion
 40709 | Vaults:1 | Reached XP level 20. HP: 186/198 MP: 24/24
 41148 | Vaults:1 | Gained Olfrun as an ally
 42376 | Vaults:2 | Reached skill level 23 in Axes
 43803 | Vaults:3 | Found a staircase to the Crypt.
 43925 | Vaults:3 | Noticed Sojobo
 43933 | Vaults:3 | Killed Sojobo
 44006 | Vaults:3 | Gained Bladwarg as an ally
 44014 | Vaults:3 | Reached XP level 21. HP: 207/207 MP: 27/27
 44044 | Vaults:3 | Your ally Bladwarg died
 44992 | Vaults:4 | Found Luryryaf's Magic Scroll Shop.
 45007 | Vaults:4 | Bought a scroll of identify for 28 gold pieces
 45007 | Vaults:4 | Bought a scroll of enchant weapon for 105 gold pieces
 45007 | Vaults:4 | Bought a scroll of enchant weapon for 105 gold pieces
 45007 | Vaults:4 | Bought a scroll of teleportation for 42 gold pieces
 45007 | Vaults:4 | Bought a scroll of holy word for 105 gold pieces
 45313 | Vaults:4 | Reached skill level 10 in Invocations
 45863 | Vaults:4 | Found a stormy altar of Qazlal.
 46030 | Vaults:5 | Entered Level 5 of the Vaults
 46035 | Vaults:5 | Gained Harm as an ally
 46036 | Vaults:5 | Gained Arkwar as an ally
 46040 | Vaults:5 | Your ally Arkwar died
 46048 | Vaults:5 | Your ally Bogdan died
 46057 | Vaults:5 | Gained Bogric as an ally
 46057 | Vaults:5 | Your ally Gorbash died
 46058 | Vaults:5 | Noticed Margery
 46062 | Vaults:5 | Your ally Harm died
 46068 | Vaults:5 | Reached skill level 24 in Axes
 46072 | Vaults:5 | Killed Margery
 46144 | Vaults:5 | Noticed Frederick
 46156 | Vaults:5 | Killed Frederick
 46285 | Vaults:5 | Reached XP level 22. HP: 217/217 MP: 30/30
 46287 | Vaults:5 | Your ally Blodwig died
 46297 | Vaults:5 | Your ally Bogdan died
 46482 | Vaults:5 | Got a silver rune of Zot
 46712 | Vaults:5 | Your ally Olfrun died
 46722 | Vaults:5 | Your ally Bogric died
 46724 | Vaults:5 | Your ally Hawl died
 46724 | Vaults:5 | Gained Arkwar as an ally
 46971 | Vaults:5 | Gained Brunolf as an ally
 47006 | Vaults:5 | Identified the ring "Zanuegiah" {Wiz rF+ Dex+5}
 47013 | Vaults:5 | Your ally Brunolf died
 47038 | Vaults:5 | Gained Olfrun as an ally
 47351 | Vaults:5 | Identified the +10 hand axe of Dira {vorpal, rF+ rC+ Will+}
 47352 | Vaults:5 | Your ally Olfrun died
 47713 | Vaults:5 | Found the +5 sword of Power {vorpal}
 47716 | Vaults:5 | Identified the Guide on Evil Magic and Intoxication
 48264 | Crypt:1  | Entered Level 1 of the Crypt
 48376 | Crypt:1  | Noticed Khufu
 48376 | Crypt:1  | Noticed a royal mummy
 48399 | Crypt:1  | Reached skill level 1 in Summonings
 48477 | Vaults:3 | Killed Khufu
 48678 | Crypt:1  | Killed a royal mummy
 48887 | Crypt:1  | Reached XP level 23. HP: 180/227 MP: 32/32
 49090 | Crypt:1  | Noticed Mennas
 49116 | Crypt:1  | Killed Mennas
 49117 | Crypt:1  | Reached skill level 25 in Axes
 49808 | Crypt:2  | Reached skill level 5 in Summonings
 50149 | Crypt:2  | Learned a level 6 spell: Shadow Creatures
 51409 | Crypt:3  | Entered Level 3 of the Crypt
 51460 | Crypt:3  | Noticed Bai Suzhen
 51484 | Crypt:3  | Killed Bai Suzhen
 51770 | Crypt:3  | Identified the ring "Sasyut Gousk" {rN+ Str+3 Int+10 Slay-3
                  | Stlth+}
 51888 | Crypt:3  | Your ally Arkwar died
 51896 | Crypt:3  | HP: 11/221 [ancient champion/the +12 Vampire's Tooth {vamp}
                  | (20)]
 51955 | Crypt:3  | Reached skill level 10 in Dodging
 52987 | Crypt:3  | Noticed an ancient lich
 52995 | Crypt:3  | Noticed an ancient lich
 53176 | Crypt:3  | Killed an ancient lich
 53250 | Crypt:3  | Killed an ancient lich
 53416 | Crypt:3  | Got a scintillating amber ring
 53429 | Crypt:3  | Got a scintillating steel ring
 53429 | Crypt:3  | Got a heavily runed lead ring
 53548 | Crypt:3  | Found a staircase to the Tomb.
 53549 | Crypt:3  | Identified the ring "Piasuo" {rPois rN+ Str+3 Int-3} (You
                  | found it on level 3 of the Crypt)
 53550 | Crypt:3  | Identified the ring "Pezesed" {+Blink rN+ Dex+2} (You found
                  | it on level 3 of the Crypt)
 53551 | Crypt:3  | Identified the ring "Doacoupt" {Ice +Blink rPois Int-3}
                  | (You found it on level 3 of the Crypt)
 53558 | Tomb:1   | Entered Level 1 of the Tomb of the Ancients
 53732 | Tomb:1   | Reached XP level 24. HP: 238/238 MP: 32/32
 53747 | Tomb:1   | Gained Bogwald as an ally
 54358 | Tomb:1   | Noticed a royal mummy
 54377 | Tomb:1   | Killed a royal mummy
 54582 | Tomb:1   | Reached skill level 10 in Summonings
 54594 | Tomb:1   | Got a pitted ring mail
 54620 | Tomb:1   | Identified the +5 ring mail of Idughomm {Will+} (You found
                  | it on level 1 of the Tomb of the Ancients)
 55400 | Tomb:2   | Noticed a royal mummy
 55400 | Tomb:2   | Noticed a royal mummy
 55408 | Tomb:2   | Noticed an ancient lich
 55410 | Tomb:2   | Noticed a royal mummy
 55412 | Tomb:2   | Gained Hilgar as an ally
 55424 | Tomb:2   | Killed a royal mummy
 55428 | Tomb:2   | Noticed Boris
 55428 | Tomb:2   | Your ally Hilgar died
 55460 | Tomb:2   | Your ally Bogwald died
 55706 | Tomb:2   | Gained Warbeogh as an ally
 55708 | Tomb:2   | Gained Syrus as an ally
 55718 | Tomb:2   | Your ally Syrus died
 55815 | Tomb:3   | Entered Level 3 of the Tomb of the Ancients
 55827 | Tomb:3   | Noticed a royal mummy
 55828 | Tomb:3   | Noticed a royal mummy
 55830 | Tomb:3   | HP: 5/234 [ushabti] (9)]
 55830 | Tomb:3   | HP: 2/234 [poisoned by an ushabti (dark miasma)]
 55831 | Tomb:3   | Engulfed by an ushabti's foul pestilence

Illustrated notes

Levels and vault maps discovered:
D:1:      kilobyte_arrival_exit_the_forest, layout_basic
D:2:      layout_basic, overflow_temple_1_default, serial_park_tiny_1
D:3:      kennysheep_six_static_rooms, layout_basic, uniq_terence
D:4:      layout_basic, grunt_temple_overflow_opulence, kennysheep_mini_moat,
          old_standard_altar, gammafunk_ghost_nasty_kobolds
D:5:      layout_loops_ring, minmay_overflow_temple_hex, temple_green,
          corexii_hall_statues_x, bloody_makhleb
D:6:      layout_basic, gup_sewer_entry_pipe, uniq_menkaure
D:7:      layout_basic, minmay_bent
D:8:      minmay_razor_zed, layout_loops_ring, elyvilon_altar_5,
          kiku_gazebo_garden_becter, gammafunk_ghost_cemetery
D:9:      layout_big_octagon, doesnt_xom_only_xom, uniq_harold, uniq_erica,
          uniq_prince_ribbit1
D:10:     layout_gridville
D:11:     layout_irregular_city, lair_entry_dummy
D:12:     minmay_tri_box, layout_loops_ring, orc_0_dummy,
          gammafunk_ghost_necromancy
D:13:     layout_long_grid, lightli_vaults_fourway_checkpoint, enter_bailey_3,
          uniq_urug
D:14:     layout_irregular_city, chequers_serial_rivers_micro_b,
          onia_ninara_cookie, uniq_frances
D:15:     grunt_enter_depths_snipers, layout_loops_cross, serial_park_fountain,
          grunt_decor_mini_mirrors, uniq_rupert
Lair:1:   layout_concentric_octagons, basic_altar,
          chequers_serial_rivers_micro_c, amcnicky_mini_pool_medium,
          minmay_lair_oklob_chamber, grunt_megastairs_1, uniq_fannar
Lair:2:   layout_small_grid, nzn_random_ring, uniq_nergalle
Lair:3:   layout_regular_city, swamp_mist_pool, guppyfry_snake_entry_island,
          chequers_serial_rivers_large_b, cheibrodos_lair_caveside_slide
Lair:4:   layout_hall_layers, st_stairs_4, grunt_megastairs_5
Lair:5:   layout_long_grid, gauntlet_entry_generic, gammafunk_ghost_ooze
Lair:6:   minmay_lair_end_frog_pond, layout_regular_city, slime_altar_2,
          st_stairs_3, nicolae_quartered_pool_super, patterned_corridor
Swamp:1:  layout_basic_swamp, evilmike_swamp_ruin_house_4,
          infiniplex_staircase_pool
Swamp:2:  layout_falls_marsh, gammafunk_ghost_hydra_chop,
          hangedman_swamp_ruin_wall, swamp_pool1, infiniplex_staircase_pool_2,
          uniq_louise
Swamp:3:  layout_basic_swamp, serial_swamp_ruin, evilmike_swamp_ruin_house_1,
          evilmike_swamp_ruin_rubble_2, evilmike_swamp_ruin_house_6
Swamp:4:  swamp_vile, layout_basic_swamp
Snake:1:  layout_honeycomb, serial_bayou_pond_c
Slime:1:  layout_caves, cheibrodos_slime_lost_civilization_6
Orc:1:    layout_caves
Orc:2:    st_orc_rangers, layout_caves, basic_altar
Elf:1:    eino_elf_arrival_sip, layout_loops_corners, serial_shops, shop,
          minmay_elf_demonology, grunt_megastairs_2
Elf:2:    layout_loops_corners, serial_shops, shop, nicolae_shop_behind_doors
Elf:3:    elf_hall, layout_geoelf_diagonals
Vaults:1: v_rooms_6, nicolae_vaults_c_with_doors, nicolae_vaults_what_the_h,
          vaults_room_boxed, ontoclasm_vaults_hangar, v_misc_11,
          v_alt_pattern_5, grunt_vaults_focal, vaults_room_door_ring, v_misc_2,
          vaults_dpeg_ring, layout_vaults_omnicross, uniq_asterion
Vaults:2: hangedman_vaults_variations, hangedman_vaults_maws,
          ontoclasm_vaults_ring_square, nicolae_vaults_three_branches,
          nicolae_vaults_little_squares_5, nicolae_vaults_little_squares_4,
          vaults_room_door_ring, layout_vaults_omnigrid
Vaults:3: ontoclasm_vaults_ring_small, nicolae_vaults_puzzle_piece,
          hangedman_vaults_corner_blocks, grunt_vaults_trifunnel,
          vaults_room_grid, v_misc_12, blue_anna_dwarven_crypt, v_misc_13,
          nicolae_vaults_alarming, nicolae_vaults_specimen_jars,
          nicolae_vaults_network_s, nicolae_vaults_little_squares_2,
          vaults_dpeg_encased_lava, nicolae_vaults_angled_halls,
          nicolae_vaults_little_squares_3, layout_vaults_ring, uniq_sojobo
Vaults:4: vaults_standard_mumra_x, vaults_mumra_lcd, v_misc_29,
          nicolae_vaults_mini_display_case, hangedman_vaults_corner,
          vaults_room_hallway, vaults_mumra_hex, layout_vaults_big_room,
          basic_altar, serial_shops, shop
Vaults:5: serial_shops, uniq_frederick, uniq_margery
Crypt:1:  layout_regular_city, grunt_crypt_arrival_split, uniq_khufu,
          uniq_mennas
Crypt:2:  layout_catacombs
Crypt:3:  david_glass_crypt, layout_misc_corridors, tomb_entry_sphere_bobbens,
          feat_on_display, uniq_bai_suzhen
Tomb:1
Tomb:2:   uniq_boris
Tomb:3
Depths:1: layout_roguey, enter_ziggurat_d, okawaru_ov_weapons_minmay,
          grunt_mini_vestibule, drop_trap, minmay_shop_mayhem,
          minmay_misc_feat_pillars, columned_hall_lemuel

Skill      XL: |  1  2  3  4  5  6  7  8  9 10 11 12 13 14 15 16 17 18 19 20 21 22 23 24 |
---------------+-------------------------------------------------------------------------+-----
Fighting       | 4 5 6 7 8 10 11 13 14 16 18 19 20 21 22 23 24 | 24.4
Axes           | 3 4 5 6 7 9 11 13 15 16 17 18 19 20 21 22 23 24 25 | 25.9
Shields        | 4 5 6 7 8 9 10 11 13 14 15 17 18 19 20 21 22 | 22.5
Dodging        | 1 2 3 4 5 6 7 8 9 10 | 10.4
Armour         | 4 5 6 8 9 11 12 13 14 | 14.8
Throwing       | 1 |  1.9
Evocations     | 1 |  1.7
Invocations    | 1 3 5 9 11 13 | 13.1
Summonings     | 3 9 11 | 11.0
Stealth        | |  0.8

Action                   |  1- 3 |  4- 6 |  7- 9 | 10-12 | 13-15 | 16-18 | 19-21 | 22-24 || total
-------------------------+-------+-------+-------+-------+-------+-------+-------+-------++-------
Melee: War axe           |    79 |   195 |   364 |   438 |   870 |   811 |   925 |   216 ||  3898
       Hand axe          |       |       |       |       |       |       |       |   885 ||   885
Throw: Dart              |       |       |     2 |     7 |     2 |     1 |       |       ||    12
Invok: Convert to Beogh  |       |       |     1 |       |       |       |       |       ||     1
       Recall Orcish Fol |       |       |       |       |     4 |    17 |     2 |    13 ||    36
       Give Item to Name |       |       |       |       |     2 |     5 |     4 |     3 ||    14
       Resurrection      |       |       |       |       |       |     3 |     3 |       ||     6
 Abil: Evoke Flight      |       |       |       |       |       |     2 |       |       ||     2
       Evoke Blink       |       |       |       |       |       |     2 |       |       ||     2
Evoke: Lightning rod     |       |       |       |       |       |     1 |       |       ||     1
       Wand              |       |       |       |       |       |     1 |       |     1 ||     2
       Condenser vane    |       |       |       |       |       |       |       |     1 ||     1
  Use: Potion            |       |     1 |     1 |     3 |     2 |    10 |     1 |     9 ||    27
       Scroll            |       |       |    11 |     6 |    26 |    18 |    11 |    21 ||    93
 Stab: Sleeping          |       |       |     2 |       |     1 |     4 |     2 |       ||     9
       Distracted        |       |       |       |       |     4 |     5 |     6 |     9 ||    24
       Paralysed         |       |       |       |       |     3 |     6 |       |       ||     9
       Petrified         |       |       |       |       |       |       |     2 |       ||     2
Armor: Scale mail        |    52 |    71 |    45 |   149 |   138 |   118 |   113 |   184 ||   870
       Ring mail         |       |       |   107 |       |       |       |       |       ||   107
Dodge: Dodged            |    24 |    56 |   104 |   108 |   186 |   209 |   281 |   404 ||  1372
Block: Kite shield       |    44 |   115 |   207 |   190 |   535 |   648 |   577 |   837 ||  3153
       Reflection        |       |       |       |       |     2 |    86 |       |       ||    88
